 Dungeon Crawl Stone Soup version 0.30-a0-377-g5cb311bc9f (webtiles) character file.

Game seed: 2891256198147899847

67713 qeuew the Brawler (level 14, -15/216 HPs)
             Began as a Troll Berserker on Nov 29, 2022.
             Was an Elder of Trog.
             Demolished by a spark wasp (17 damage)
             ... on level 1 of the Spider Nest.
             The game lasted 00:25:43 (14212 turns).

qeuew the Brawler (Troll Berserker)                Turns: 14212, Time: 00:25:44

Health: -15/216    AC: 12    Str: 29    XL:     14   Next: 84%
Magic:  13/13      EV: 21    Int:  2    God:    Trog [****..]
Gold:   1433       SH:  0    Dex: 21    Spells: 13/13 levels left

rFire   . . .      SeeInvis +      - Unarmed
rCold   . . .      Faith    .    (no shield)
rNeg    . . .      Spirit   .    s - +4 troll leather armour
rPois   +          Reflect  .    (helmet restricted)
rElec   .          Harm     .    C - +1 cloak of Starlight {*Dazzle EV+4 Stlth--}
rCorr   .          Rampage  .    (gloves unavailable)
Will    +++..                    (boots unavailable)
Stlth   ..........               x - amulet of the acrobat
HPRegen 3.16/turn                F - +6 ring of dexterity
MPRegen 0.13/turn                E - ring of poison resistance

@: berserking, strong-willed, regenerating, very quick
A: large, unfitting armour, claws 3, regeneration 1, shaggy fur 1, tough skin 1,
see invisible, agile 1, inability to read after injury 1
a: Renounce Religion, Berserk, Trog's Hand, Brothers in Arms


You were on level 1 of the Spider Nest.
You worshipped Trog.
Trog was greatly pleased with you.
You visited 3 branches of the dungeon, and saw 18 of its levels.
You also visited: Sewer and Ossuary.

You collected 1433 gold pieces.

Inventory:

Missiles
 y - a throwing net
Armour
 a - a scarf of harm
 s - a +4 troll leather armour (worn)
 C - the +1 cloak of Starlight (worn) {*Dazzle EV+4 Stlth--}
   (You found it on level 4 of the Lair of Beasts)

   It may blind those who miss an attack against the wearer in melee combat.
   EV:        It affects your evasion (+4).
   Stlth:     It makes you much less stealthy.
Jewellery
 e - a ring of willpower
 x - an amulet of the acrobat (around neck)
 z - a ring of protection from fire
 E - a ring of poison resistance (right claw)
 F - a +6 ring of dexterity (left claw)
 G - a +6 ring of intelligence
Wands
 h - a wand of roots (20) (quivered)
 l - a wand of light (7)
 p - a wand of polymorph (10)
 u - a wand of paralysis (16)
Scrolls
 b - 10 scrolls of fear
 g - 2 scrolls of enchant armour
 i - 3 scrolls of fog
 j - 4 scrolls of blinking
 m - 6 scrolls of teleportation
 n - 5 scrolls of identify
 o - 3 scrolls of enchant weapon
 r - 2 scrolls of brand weapon
 t - 2 scrolls of silence
 w - a scroll of magic mapping
Potions
 c - 4 potions of might
 d - 2 potions of mutation
 f - 12 potions of curing
 k - 6 potions of haste
 q - 6 potions of heal wounds
 v - 3 potions of berserk rage
 A - a potion of cancellation
 D - 2 potions of flight
Miscellaneous
 B - a phantom mirror


   Skills:
 + Level 10.7 Fighting
 + Level 10.7 Dodging
 * Level 19.1 Unarmed Combat
 + Level 9.0 Evocations


You had 13 spell levels left.
You didn't know any spells.
Your spell library was empty.

Dungeon Overview and Level Annotations

Branches:
Dungeon (12/15)            Temple (0/1) D:6            Lair (5/5) D:8
  Swamp (0/4) Lair:2       Spider (1/4) Lair:2        Slime (0/5) Lair:4
    Orc (0/2) D:11          Sewer (visited)         Ossuary (visited)

Altars:
Makhleb
Okawaru
Qazlal
Sif Muna
Uskayaw

Shops:
D:8 (

Annotations:
D:6 3 runed translucent doors, bande's ghost, novice GrFi; olddryhag's ghost, novice DsGl
Spider:1 2 transporters, Zicym's ghost, adept MeFi


Innate Abilities, Weirdness & Mutations

You are too large for most types of armour.
You have claws for hands.
Your natural rate of healing is unusually fast.
You are covered in fur. (AC +1)
You have tough skin. (AC +1)
You have supernaturally acute eyesight. (SInv)
You are agile. (Dex +4, Str/Int -1)
You occasionally lose the ability to read scrolls when taking damage.


Message History

You mangle the spark wasp!!
You kill the spark wasp!
Trog accepts your kill.
Unknown command.
Your ogre goes berserk!
Trog will no longer gift you weapons. The spark wasp barely misses you.
The spark wasp stings you! The spark wasp shocks you!
* * * LOW HITPOINT WARNING * * *
The spark wasp completely misses you.
Unknown command.
The spark wasp attacks as you move away!
The spark wasp misses you.
The spark wasp's sight is seared by the starlight!
You swap places.
The spark wasp stings your ogre. The spark wasp shocks your ogre!
Your ogre barely misses the spark wasp.
The spark wasp stings your ogre!!
Your ogre dies!
Your ogre's corpse disappears in a puff of smoke!
Your skin crawls.
You feel strong-willed. The spark wasp barely misses you.
A red film seems to cover your vision as you go berserk!
You feel yourself moving faster!
You feel mighty!
The spark wasp is no longer blind.
The spark wasp stings you.
* * * LOW HITPOINT WARNING * * *
The spark wasp shocks you!
* * * LOW HITPOINT WARNING * * *
The spark wasp misses you. x2; The spark wasp closely misses you.
You miss the spark wasp. You miss the spark wasp.
The spark wasp completely misses you. The spark wasp stings you!!
* * * LOW HITPOINT WARNING * * *
The spark wasp shocks you!
* * * LOW HITPOINT WARNING * * *
Unknown command.
You barely miss the spark wasp. The spark wasp stings you!
* * * LOW HITPOINT WARNING * * *
The spark wasp shocks you!
You die...

###......#
##....#..^##
#####...#..#.#.##
#....#.##.......#
###....##.#######
##...#.#.##
###..#.###.#
#.#...†.##.# .#
##..##†.#@y###.?#
#.^†...###yy..#
#.##.#...##†#.#
##.......######
##..###..^(...#
#^.#...#..##...
#...........#
#.#.#...#.#.^.#
#..........#....


You could see 3 spark wasps.

Vanquished Creatures
  An emperor scorpion (Spider:1)
  5 dire elephants (Lair:5)
  The ghost of Xetequo the Peltast, a journeyman MiFi of Trog (Lair:3)
  2 spark wasps (Spider:1)
  Snorg (Lair:4)
  2 entropy weavers (Spider:1)
  A catoblepas (Lair:5)
  2 hydras (Lair:2)
  A centaur warrior (D:11)
  A boulder beetle (Lair:3)
  Erica (Lair:1)
  5 death yaks (Lair:2)
  Urug (D:11)
  A pharaoh ant (Spider:1)
  2 spectral death yaks (Lair:5)
  A spectral anaconda (Lair:5)
  3 orb spiders (Spider:1)
  An obsidian statue (Lair:5)
  4 necromancers (Lair:5)
  3 wolf spiders (Spider:1)
  A cyclops (D:12)
  A moth of wrath (Spider:1)
  18 elephants
  6 black mambas
  8 cane toads
  A dire elephant skeleton (Lair:5)
  5 komodo dragons
  A torpor snail (Spider:1)
  4 rime drakes
  A kobold demonologist (D:8)
  2 demonic crawlers (Spider:1)
  2 polar bears
  5 trolls
  Prince Ribbit (D:6)
  6 tarantellas (Spider:1)
  14 dream sheep (Lair:5)
  A slime creature (D:11)
  18 blink frogs
  3 jumping spiders (Spider:1)
  9 culicivoras (Spider:1)
  Sigmund (D:6)
  A shadow (D:7)
  4 wyverns
  4 wraiths
  A vampire (D:11)
  37 yaks
  4 basilisks
  15 redbacks (Spider:1)
  A death yak simulacrum (Lair:5)
  6 vampire mosquitoes
  A spectral cane toad (Lair:5)
  2 swamp worms (Lair:2)
  2 acid dragons (D:9)
  11 water moccasins
  2 black bears
  2 orc warriors
  A sky beast (D:7)
  3 ogres
  2 elephant skeletons (Lair:5)
  2 centaurs
  5 kobold brigands
  A phantom (D:4)
  8 bullfrogs
  2 elf zombies (Ossuary)
  5 scorpions
  7 wights (D:7)
  3 killer bees (D:7)
  A howler monkey (D:10)
  2 human zombies (Ossuary)
  A jelly (D:4)
  Crazy Yiuf (D:3)
  3 orc priests
  A gnoll bouda (D:4)
  4 hounds
  3 iguanas
  4 orc wizards
  A hell rat (Sewer)
  A hound zombie (Ossuary)
  4 mummies (Ossuary)
  11 gnolls
  8 adders
  2 river rats (Sewer)
  A white imp (D:8)
  4 worms
  2 dart slugs
  17 orcs
  8 ball pythons
  8 endoplasms
  2 giant cockroaches (D:1)
  6 goblins
  4 hobgoblins (D:1)
  7 quokkas
  3 bats (D:1)
  5 frilled lizards
  A gnoll zombie (Ossuary)
  A goblin zombie (Ossuary)
  A hobgoblin zombie (Ossuary)
  A jackal zombie (Ossuary)
  20 kobolds
  A kobold zombie (Ossuary)
  An orc zombie (Ossuary)
  7 rats
  A rat zombie (Ossuary)
427 creatures vanquished.

Vanquished Creatures (collateral kills)
  A catoblepas (Lair:1)
  Amaemon (Lair:1)
  3 skeletal warriors (D:12)
  An orb spider (Lair:2)
  A wolf spider (Spider:1)
  An orange demon (Lair:1)
  A komodo dragon (Lair:1)
  A tarantella (Spider:1)
  A tyrant leech (Lair:2)
  A redback (Spider:1)
  A swamp worm (Lair:2)
  A bullfrog (Lair:1)
14 creatures vanquished.

Vanquished Creatures (others)
  11 fungi
  8 plants
  22 withered plants (Lair:5)
41 creatures vanquished.

Grand Total: 482 creatures vanquished

Notes
Turn   | Place    | Note
-------+----------+-------------------------------------------
     0 | D:1      | qeuew the Troll Berserker began the quest for the Orb.
     0 | D:1      | Reached XP level 1. HP: 22/22 MP: 0/0
   258 | D:1      | Reached XP level 2. HP: 29/29 MP: 1/1
   378 | D:1      | You fall into a shaft and drop 1 floor!
   707 | D:2      | Reached XP level 3. HP: 36/36 MP: 2/2
   783 | D:2      | Found the +6 lightning scales {swift, rElec}
   907 | D:2      | Reached ** piety under Trog
   913 | D:2      | Reached skill level 4 in Unarmed Combat
   914 | D:2      | Reached XP level 4. HP: 42/44 MP: 3/3
  1398 | D:2      | Identified a scroll of acquirement
  1398 | D:2      | Acquired a manual of Unarmed Combat
  1402 | D:2      | Gained mutation: You have supernaturally acute eyesight.
                  | (SInv) [potion of mutation]
  1402 | D:2      | Gained mutation: You occasionally lose the ability to read
                  | scrolls when taking damage. [potion of mutation]
  1402 | D:2      | Lost intelligence.
  1402 | D:2      | Gained mutation: You are agile. (Dex +4, Str/Int -1)
                  | [potion of mutation]
  1578 | D:3      | Found a faded altar of an unknown god.
  1696 | D:3      | Found a glowing drain.
  1700 | Sewer    | Entered a sewer
  1726 | Sewer    | Reached XP level 5. HP: 53/53 MP: 4/4
  1774 | Sewer    | Reached skill level 5 in Unarmed Combat
  2059 | D:3      | Found a runed translucent door.
  2060 | D:3      | Noticed Crazy Yiuf
  2242 | D:3      | Killed Crazy Yiuf
  2460 | D:4      | Reached skill level 6 in Unarmed Combat
  2460 | D:4      | Reached XP level 6. HP: 61/61 MP: 5/5
  2612 | D:4      | Reached *** piety under Trog
  2617 | D:4      | Reached skill level 7 in Unarmed Combat
  2690 | D:4      | Noticed a water moccasin
  2695 | D:4      | Killed a water moccasin
  2696 | D:4      | Reached XP level 7. HP: 66/68 MP: 6/6
  2722 | D:4      | Reached skill level 8 in Unarmed Combat
  2763 | D:4      | Identified the +0 ring mail "Iwizueg" {Str+4 Int-2}
  2921 | D:5      | Entered Level 5 of the Dungeon
  3244 | D:5      | Found a stormy altar of Qazlal.
  3244 | D:5      | Found a shimmering blue altar of Sif Muna.
  3246 | D:5      | Found an iron altar of Okawaru.
  3248 | D:5      | Found a hide-covered altar of Uskayaw.
  3731 | D:5      | Reached skill level 1 in Evocations
  3768 | D:6      | Found a runed translucent gate.
  3769 | D:6      | Found a runed translucent gate.
  3771 | D:6      | Found a runed translucent gate.
  3772 | D:6      | Noticed bande's ghost (novice GrFi)
  3773 | D:6      | Noticed olddryhag's ghost (novice DsGl)
  3780 | D:6      | Reached skill level 9 in Unarmed Combat
  3781 | D:6      | Found a staircase to the Ecumenical Temple.
  3819 | D:6      | Noticed Sigmund
  3824 | D:6      | Killed Sigmund
  3825 | D:6      | Reached XP level 8. HP: 79/79 MP: 7/7
  4012 | D:6      | Reached **** piety under Trog
  4066 | D:6      | Reached skill level 10 in Unarmed Combat
  4092 | D:6      | Noticed Prince Ribbit
  4121 | D:6      | Killed Prince Ribbit
  4122 | D:6      | Reached skill level 5 in Fighting
  4571 | D:7      | Reached skill level 5 in Dodging
  4717 | D:7      | Found a sand-covered staircase.
  4830 | D:7      | Reached skill level 11 in Unarmed Combat
  4839 | D:7      | Reached XP level 9. HP: 72/88 MP: 8/8
  4887 | Ossuary  | Entered an ossuary
  5115 | D:7      | Identified the +2 leather armour of Hicudwesuu {+Blink
                  | Dex+2 SInv}
  5177 | D:7      | Reached skill level 12 in Unarmed Combat
  5287 | D:7      | Found a burning altar of Makhleb.
  5566 | D:8      | Found Caeruhuil's Antique Weapon Emporium.
  5571 | D:8      | Noticed a kobold demonologist
  5594 | D:8      | Killed a kobold demonologist
  5601 | D:8      | Reached skill level 13 in Unarmed Combat
  5609 | D:8      | Reached ***** piety under Trog
  5948 | D:8      | Found a staircase to the Lair.
  5953 | D:8      | Reached XP level 10. HP: 78/98 MP: 9/9
  6101 | Lair:1   | Entered Level 1 of the Lair of Beasts
  6318 | Lair:1   | Noticed a cane toad
  6330 | Lair:1   | Killed a cane toad
  6331 | Lair:1   | Reached skill level 14 in Unarmed Combat
  6435 | Lair:1   | Noticed a catoblepas
  6443 | Lair:1   | Killed a catoblepas
  6456 | Lair:1   | Noticed Amaemon
  6458 | Lair:1   | Noticed an orange demon
  6461 | Lair:1   | Killed Amaemon
  6464 | Lair:1   | Killed an orange demon
  6529 | Lair:1   | Noticed a cane toad
  6537 | Lair:1   | Killed a cane toad
  6538 | Lair:1   | Reached XP level 11. HP: 109/109 MP: 10/10
  6552 | Lair:1   | Reached skill level 5 in Evocations
  6656 | Lair:1   | Noticed Erica
  6660 | Lair:1   | Killed Erica
  7175 | Lair:2   | Found a hole to the Spider Nest.
  7175 | Lair:2   | Noticed an orb spider
  7190 | Lair:2   | Killed an orb spider
  7288 | Lair:2   | Reached skill level 15 in Unarmed Combat
  7634 | Lair:2   | Noticed a death yak
  7635 | Lair:2   | Noticed a death yak
  7637 | Lair:2   | Noticed a death yak
  7637 | Lair:2   | Noticed a death yak
  7637 | Lair:2   | Noticed a death yak
  8484 | D:10     | Entered Level 10 of the Dungeon
  8887 | D:11     | Found a staircase to the Orcish Mines.
  9062 | D:11     | Reached XP level 12. HP: 119/119 MP: 11/11
  9449 | D:11     | Noticed Urug
  9459 | D:11     | HP: 4/178 [Urug/+2 great sword of protection (26)]
  9479 | D:11     | Killed Urug
 10101 | D:12     | Noticed a centaur warrior
 10117 | D:12     | Reached skill level 16 in Unarmed Combat
 10147 | D:11     | Killed a centaur warrior
 10266 | Lair:2   | Noticed a five-headed hydra
 10267 | Lair:2   | Noticed a four-headed hydra
 10271 | Lair:2   | Killed a six-headed hydra
 10277 | Lair:2   | Killed an eight-headed hydra
 10308 | Lair:2   | Found a staircase to the Swamp.
 10397 | Lair:2   | Killed a death yak
 10404 | Lair:2   | Killed a death yak
 10405 | Lair:2   | Killed a death yak
 10408 | Lair:2   | Killed a death yak
 10410 | Lair:2   | Killed a death yak
 10896 | Lair:3   | Reached XP level 13. HP: 112/131 MP: 12/12
 11022 | Lair:3   | Reached skill level 17 in Unarmed Combat
 11168 | Lair:3   | Found a runed translucent door.
 11175 | Lair:3   | Noticed Xetequo's ghost (journeyman MiFi)
 11192 | Lair:3   | Killed Xetequo's ghost
 11528 | Lair:4   | Noticed Snorg
 11534 | Lair:4   | Killed Snorg
 11801 | Lair:4   | Found the +1 cloak of Starlight {*Dazzle EV+4 Stlth--}
 11995 | Lair:4   | Found a staircase to the Slime Pits.
 12043 | Lair:5   | Entered Level 5 of the Lair of Beasts
 12208 | Lair:5   | Noticed a dire elephant
 12208 | Lair:5   | Noticed a dire elephant
 12208 | Lair:5   | Noticed a dire elephant
 12209 | Lair:5   | Noticed a dire elephant
 12222 | Lair:5   | Killed a dire elephant
 12476 | Lair:5   | Reached skill level 18 in Unarmed Combat
 12609 | Lair:5   | Received a gift from Trog
 12773 | Lair:5   | Reached XP level 14. HP: 131/141 MP: 13/13
 12912 | Lair:5   | Reached skill level 10 in Fighting
 12935 | Lair:5   | Reached skill level 10 in Dodging
 13545 | Spider:1 | Entered Level 1 of the Spider Nest
 13547 | Spider:1 | Found a transporter.
 13549 | Spider:1 | Noticed Zicym's ghost (adept MeFi)
 13577 | Spider:1 | Found the +7 Singing Sword {vorpal, sonic wave}
 13581 | Spider:1 | Found a transporter.
 13815 | Spider:1 | Noticed an emperor scorpion
 13843 | Spider:1 | HP: 8/216 [emperor scorpion (7)]
 13845 | Spider:1 | Killed an emperor scorpion
 13850 | Spider:1 | HP: 5/216 [redback (9)]
 13855 | Spider:1 | HP: 8/216 [poisoned by an emperor scorpion]
 14021 | Spider:1 | Reached skill level 19 in Unarmed Combat
 14211 | Spider:1 | HP: 9/216 [spark wasp (14)]
 14212 | Spider:1 | HP: 2/216 [spark wasp (8)]
 14212 | Spider:1 | Demolished by a spark wasp

Illustrated notes

Levels and vault maps discovered:
D:1:      dpeg_arrival_pond, layout_loops_ring
D:2:      kennysheep_six_static_rooms, layout_loops_ring, minmay_tromino_i2
D:3:      minmay_door_path, layout_basic, gup_sewer_entry_bowl,
          basic_ecumenical_altar, uniq_crazy_yiuf_cottage
D:4:      layout_basic
D:5:      layout_cave_pods, grunt_temple_overflow_open
D:6:      hellmonk_ruined_rings, layout_loops_ring,
          minmay_temple_entry_purple_smoke, gammafunk_ghost_cemetery,
          grunt_ministairs_2, uniq_prince_ribbit1, uniq_sigmund
D:7:      layout_loops_ring, makhleb_heckhound_becter, serial_glass,
          glass_columns_b, glass_columns_b,
          nicolae_ossuary_entry_false_entrances
D:8:      layout_rooms, grunt_lair_entry_orc_guard_hut, serial_shops,
          nicolae_stop_n_shop_1
D:9:      layout_basic
D:10:     layout_cave_pools
D:11:     layout_loops_corners, orc_0_dummy, uniq_urug
D:12:     layout_long_grid
Lair:1:   layout_regular_city, grunt_megastairs_2, lemuel_fruit_fields,
          uniq_amaemon, uniq_erica
Lair:2:   layout_loops_ring, palyth_hydra_swamp_entry,
          nicolae_spider_entry_orb_guardian, minivault_19,
          cheibrodos_lair_reptile_den, serial_bayou_shore_a
Lair:3:   layout_loops_ring, ebering_ghost_inner_flame,
          dreamdust_mushroom_princess, nzn_sisyphean_effort,
          infiniplex_staircase_pool_2
Lair:4:   layout_cave_shapes, slime_entry_1, uniq_snorg
Lair:5:   due_jungle_book, layout_loops_ring, lemuel_fruit_tree,
          serial_bayou_shore_b
Spider:1: layout_spider_delve, gammafunk_ghost_arena, nicolae_spider_paper_wasps

Skill      XL: |  1  2  3  4  5  6  7  8  9 10 11 12 13 14 |
---------------+-------------------------------------------+-----
Unarmed Combat | 4 6 7 9 11 13 14 15 16 18 19 | 19.1
Fighting       | 3 4 5 6 7 8 9 10 | 10.7
Dodging        | 3 4 5 6 7 8 9 10 | 10.7
Evocations     | 1 2 3 4 6 7 8 9 |  9.0

Action                   |  1- 3 |  4- 6 |  7- 9 | 10-12 | 13-15 || total
-------------------------+-------+-------+-------+-------+-------++-------
Melee: Unarmed           |    66 |   120 |   246 |   341 |   508 ||  1281
       Punch             |     1 |     3 |     9 |    33 |    62 ||   108
Throw: Throwing net      |       |       |       |     1 |       ||     1
Invok: Berserk           |       |     2 |       |     4 |     5 ||    11
       Trog's Hand       |       |       |       |     4 |     3 ||     7
       Brothers in Arms  |       |       |       |     5 |     5 ||    10
Evoke: Wand              |       |       |       |       |     3 ||     3
  Use: Potion            |     5 |     3 |       |     1 |     4 ||    13
       Scroll            |     2 |     8 |     4 |    11 |       ||    25
 Stab: Sleeping          |       |     5 |     2 |     3 |       ||    10
       Invisible         |       |     1 |       |     1 |    23 ||    25
       Distracted        |       |     1 |       |       |       ||     1
Armor: Animal skin       |    21 |    24 |    58 |    19 |       ||   122
       Troll leather arm |       |       |       |    43 |   124 ||   167
Dodge: Dodged            |    22 |    65 |   136 |   209 |   442 ||   874

Table legend: (Time is in decaauts)
 A = Elapsed time spent in this place.
 B = Non-inter-level travel time spent in this place.
 C = Inter-level travel time spent in this place.
 D = Time resting spent in this place.
 E = Time spent auto-exploring this place.
 F = Levels seen in this place.
 G = Mean time per level.
                   A        B        C        D        E       F      G
               +--------+--------+--------+--------+--------+-----+--------+
         Total |  14234 |  13415 |    819 |     15 |  10848 |  20 |  711.7 |
       Dungeon |   8480 |   7937 |    543 |     15 |   6638 |  12 |  706.7 |
          Lair |   4801 |   4527 |    274 |      0 |   3661 |   5 |  960.2 |
   Spider Nest |    641 |    640 |      1 |      0 |    399 |   1 |  641.0 |
         Sewer |    153 |    153 |      0 |      0 |     60 |   1 |  153.0 |
       Ossuary |    157 |    157 |      0 |      0 |     89 |   1 |  157.0 |
               +--------+--------+--------+--------+--------+-----+--------+

Top non-repeatable levels by time:
  Lair:5: 1344 daAuts
  Lair:2: 1025 daAuts
  Lair:1: 991 daAuts
    D:11: 952 daAuts
  Lair:3: 931 daAuts
     D:3: 915 daAuts
     D:7: 846 daAuts
     D:5: 840 daAuts
     D:9: 797 daAuts
     D:2: 780 daAuts
     D:6: 767 daAuts
     D:1: 645 daAuts
Spider:1: 641 daAuts
     D:4: 625 daAuts
     D:8: 566 daAuts
